 Dungeon Crawl Stone Soup version 0.25-a0-731-g0472a16 (webtiles) character file.

Game seed: 2516080966480465210, levelgen mode: deterministic

55 BlueFish the Magician (level 3, 0/25 HPs)
             Began as a Mummy Wizard on Apr 9, 2020.
             Slain by an adder (3 damage)
             ... on level 2 of the Dungeon.
             The game lasted 00:04:19 (1964 turns).

BlueFish the Magician (Mummy Wizard)                Turns: 1964, Time: 00:04:19

Health: 0/25       AC:  2    Str: 10    XL:     3   Next: 67%
Magic:  3/9        EV: 12    Int: 18    God:
Gold:   0          SH:  0    Dex: 10    Spells: 1/11 levels left

rFire    x . .     SeeInvis .   f - +2 short sword (vamp)
rCold    + . .     Gourm    .   (no shield)
rNeg     + + +     Faith    .   a - +0 robe
rPois    ∞         Spirit   .   b - +0 hat
rElec    .         Reflect  .   (no cloak)
rCorr    .         Harm     .   (no gloves)
MR       .....                  (no boots)
Stlth    ++........             (no amulet)
HPRegen  0.08/turn              (no ring)
MPRegen  0.11/turn              (no ring)

@: very slightly contaminated
A: no food or potions, fire vulnerability, cold resistance 1, negative energy
resistance 3, torment resistance, unbreathing
a: no special abilities


You were on level 2 of the Dungeon.
You were not hungry.

You visited 1 branch of the dungeon, and saw 2 of its levels.

Inventory:

Hand Weapons
 c - a +0 whip
 f - a +2 vampiric short sword (weapon)
Armour
 a - a +0 robe (worn)
 b - a +0 hat (worn)
Scrolls
 d - 3 scrolls of identify {unknown}
 e - a scroll of immolation {unknown}
 g - a scroll of teleportation {unknown}
 h - a scroll of fog {unknown}


   Skills:
 * Level 0.5 Fighting
 * Level 1.7 Dodging
 * Level 2.3 Stealth
 * Level 4.9 Spellcasting
 + Level 1.0 Conjurations
 + Level 0.9 Summonings
 + Level 0.7 Translocations


You had one spell level left.
You knew the following spells:

 Your Spells              Type           Power        Failure   Level  Hunger
a - Magic Dart            Conj           #...         9%          1    N/A
b - Blink                 Tloc           N/A          16%         2    N/A
c - Call Imp              Summ           #.......     14%         2    N/A
d - Slow                  Hex            #.......     21%         2    N/A
e - Mephitic Cloud        Conj/Pois/Air  #.......     34%         3    N/A

Your spell library contained the following spells:

 Spells                   Type           Power        Failure   Level  Hunger
 Conjure Flame            Conj/Fire      #.......     32%         3    N/A

Dungeon Overview and Level Annotations

Branches:
Dungeon (2/15)

Altars:


Innate Abilities, Weirdness & Mutations

You do not eat or drink.
Your flesh is vulnerable to fire.
You are immune to poison.
Your flesh is cold resistant. (rC+)
You are immune to negative energy. (rN+++)
You are immune to unholy pain and torment.
You can survive without breathing.


Message History

The adder bites you. The adder misses you. x2
The adder bites you. x2
The adder misses you.
You closely miss the adder.
The adder is almost dead.
The adder barely misses you. The adder bites you but does no damage.
The adder bites you. The adder bites you.
* * * LOW HITPOINT WARNING * * *
The adder bites you.
* * * LOW HITPOINT WARNING * * *
The adder bites you.
* * * LOW HITPOINT WARNING * * *
Okay, then.
Casting: Magic Dart (safe; 9% risk of failure)
Confirm with . or Enter, or press ? or * to list all spells.
A beastly little devil appears in a puff of flame.
The adder bites you.
You die...

####### #.....#
#########
#.....#########.......##
+....SS@.5....'.......'.
#.....######.##......†##
#.....# #.##.......#
+.....# #.##.......#
#.....# #.##.......#
######.#####
#.########## #.......#
#.# #.#####.## #.# #..#
#.# #...†..


You could see 2 adders and a friendly crimson imp.

Vanquished Creatures
  An adder (D:2)
  An ooze (D:1)
  3 leopard geckos
  2 giant cockroaches (D:2)
  4 goblins
  3 hobgoblins
  5 kobolds
  6 bats
  2 frilled lizards
  4 rats
31 creatures vanquished.

Vanquished Creatures (collateral kills)
  An ooze (D:1)
  A bat (D:1)
  A giant cockroach (D:1)
  A hobgoblin (D:1)
  2 kobolds (D:1)
  A frilled lizard (D:1)
7 creatures vanquished.

Grand Total: 38 creatures vanquished

Notes
Turn   | Place    | Note
-------+----------+-------------------------------------------
     0 | D:1      | BlueFish the Mummy Wizard began the quest for the Orb.
     0 | D:1      | Reached XP level 1. HP: 13/13 MP: 5/5
   373 | D:1      | Reached XP level 2. HP: 20/20 MP: 2/7
   377 | D:1      | Learned a level 2 spell: Blink
   380 | D:1      | Learned a level 2 spell: Call Imp
   383 | D:1      | Learned a level 2 spell: Slow
  1070 | D:1      | Reached skill level 1 in Conjurations
  1070 | D:1      | Reached XP level 3. HP: 25/25 MP: 1/9
  1075 | D:1      | Learned a level 3 spell: Mephitic Cloud
  1964 | D:2      | Slain by an adder

Levels and vault maps discovered:
D:1:      saegor_arrival_simple_c, layout_basic, minmay_pentomino_q4
D:2:      layout_basic, first_ration

Skill      XL: |  1  2  3 |
---------------+----------+-----
Conjurations   | 1 |  1.0
Stealth        | 2 |  2.3
Fighting       | |  0.5
Dodging        | |  1.7
Spellcasting   | |  4.9
Summonings     | |  0.9
Translocations | |  0.7

Action                   || total
-------------------------++-------
Melee: Unarmed           ||     4
       Whip              ||    32
       Short sword       ||    13
 Cast: Magic Dart        ||    74
       Call Imp          ||    10
Armor: Robe              ||    20
Dodge: Dodged            ||    57

Table legend:
 A = Non-vault XP
 B = Vault XP
 C = Vault XP percentage of total XP
 D = Non-vault monster count
 E = Vault monster count
 F = Vault count percentage of total count
                 A         B        C        D         E       F
            +---------+---------+-------+---------+---------+-------
      Total |      72 |       7 |   8.9 |      34 |       4 |  10.5
            +---------+---------+-------+---------+---------+-------
        D:1 |      40 |       7 |  14.9 |      22 |       4 |  15.4
        D:2 |      32 |       0 |   0.0 |      12 |       0 |   0.0
            +---------+---------+-------+---------+---------+-------
